 Dungeon Crawl Stone Soup version 0.31-a0-455-g1a7b003ef0 (webtiles) character file.

Game seed: 12620562847026701008

4 drugrobin the Sneak (level 1, 0/18 HPs)
             Began as a Demigod Delver on Aug 4, 2023.
             Slain by an orc
             ... wielding a +0 whip
              (5 damage)
             ... on level 4 of the Dungeon.
             The game lasted 00:02:15 (287 turns).

drugrobin the Sneak (Demigod Delver)                 Turns: 287, Time: 00:02:15

Health: 0/18       AC:  3    Str: 13    XL:     1   Next: 40%
Magic:  3/3        EV: 12    Int: 12    God:
Gold:   25         SH:  0    Dex: 15    Spells: 0/0 levels left

rFire   . . .        a - +0 hand axe
rCold   . . .        (no shield)
rNeg    . . .        b - +0 leather armour
rPois   .            (no helmet)
rElec   .            (no cloak)
rCorr   .            (no gloves)
SInv    .            (no boots)
Will    .....        (no amulet)
Stlth   +++          (no ring)
HPRegen 0.23/turn    (no ring)
MPRegen 0.08/turn

%: no passive effects
@: no status effects
A: high MP 1, forlorn, divine attributes
a: no special abilities


You were on level 4 of the Dungeon.
You visited 1 branch of the dungeon, and saw 2 of its levels.

You collected 25 gold pieces.

Inventory:

Hand Weapons
 a - a +0 hand axe (weapon)
Armour
 b - a +0 leather armour (worn)
Wands
 g - a wand of digging (3)
Scrolls
 c - a scroll of fog
 d - a scroll of revelation
 e - a scroll of fear
 h - a scroll of poison {unknown}
 i - a scroll of blinking {unknown}
 j - a scroll of identify {unknown}
Potions
 f - a potion of haste


   Skills:
 - Level 2.7 Fighting
 + Level 2.0 Axes
 - Level 1.8 Dodging
 - Level 4.5 Stealth


You couldn't memorise any spells.
You didn't know any spells.
Your spell library was empty.

Dungeon Overview and Level Annotations

Branches:
Dungeon (5/15)
 Temple: D:4-7

Annotations:
D:4 exclusion: gnoll
D:5 exclusion: sky beast, Eustachio


Innate Abilities, Weirdness & Mutations

You have an increased reservoir of magic. (+10% MP)
You shall have no god before yourself.
Your divine heritage dramatically boosts your attributes as you level up.


Message History

You kill the endoplasm!
Your Axes skill increases to level 2!
An orc comes into view.
It is wielding a +0 whip and wearing a +2 chain mail of positive energy.
Unknown command.
Found a stone staircase leading up.
Unknown command.
Unknown command.
You hit the orc but do no damage. The orc completely misses you.
You hit the orc.
The orc is heavily wounded.
The orc hits you with a +0 whip.
You hit the orc but do no damage.
The orc is heavily wounded.
The orc hits you with a +0 whip. x2
You hit the orc.
The orc is severely wounded.
The orc hits you with a +0 whip.
You closely miss the orc.
The orc is severely wounded.
The orc barely misses you.
You barely miss the orc.
The orc is severely wounded.
The orc barely misses you.
You closely miss the orc.
The orc is severely wounded.
The orc hits you with a +0 whip.
You hit the orc but do no damage.
The orc is severely wounded.
The orc closely misses you. The orc hits you with a +0 whip.
You hit the orc but do no damage.
The orc is severely wounded.
The orc misses you.
You hit the orc but do no damage.
The orc is heavily wounded.
The orc hits you with a +0 whip.
* * * LOW HITPOINT WARNING * * *
You hit the orc but do no damage.
The orc is heavily wounded.
The orc hits you with a +0 whip.
You die...

..............
...<.........
............
...........
#..........
#..........
#..o....... #.@.#
#######...##
#..........# .##
#..........# ...
#.....8....#.....#
#......⌠...#.....#
#.....8..........#
#..........#.....#
#..........#.....#


You could see an orc.

Vanquished Creatures
  An endoplasm (D:4)
  A kobold (D:4)
  A quokka (D:5)
3 creatures vanquished.

Notes
Turn   | Place    | Note
-------+----------+-------------------------------------------
     0 | D:5      | drugrobin the Demigod Delver began the quest for the Orb.
     0 | D:5      | Reached XP level 1. HP: 18/18 MP: 3/3
    28 | D:5      | Noticed Eustachio
    69 | D:5      | Noticed a sky beast
   287 | D:4      | Slain by an orc

Illustrated notes

Levels and vault maps discovered:
D:4:      layout_basic, mainiacjoe_overflow_small_starburst,
          dreamdust_mushroom_princess, hangedman_feature_mirror,
          uniq_blork_the_orc
D:5:      layout_loops_ring, uniq_ijyb, uniq_eustachio

Skill      XL: |  1 |
---------------+----+-----
Axes           | 2 |  2.0
Fighting       | |  2.7
Dodging        | |  1.8
Stealth        | |  4.5

Action                     || total
---------------------------++-------
  Melee: Hand axe          ||    21
   Stab: Sleeping          ||     1
 Armour: Leather armour    ||     2
  Dodge: Dodged            ||    15

Table legend: (Time is in decaauts)
 A = Elapsed time spent in this place.
 B = Non-inter-level travel time spent in this place.
 C = Inter-level travel time spent in this place.
 D = Time resting spent in this place.
 E = Time spent auto-exploring this place.
 F = Levels seen in this place.
 G = Mean time per level.
                   A        B        C        D        E       F      G
               +--------+--------+--------+--------+--------+-----+--------+
         Total |    290 |    266 |     24 |      0 |    157 |   2 |  145.0 |
       Dungeon |    290 |    266 |     24 |      0 |    157 |   2 |  145.0 |
               +--------+--------+--------+--------+--------+-----+--------+

Top non-repeatable levels by time:
     D:4: 195 daAuts
     D:5: 95 daAuts
